 Dungeon Crawl Stone Soup version 0.30-a0-121-gb27577e5d9 (webtiles) character file.

Game seed: 14362216871234580501

573 Flugkiller the Ruffian (level 7, -3/60 HPs)
             Began as a Gnoll Cinder Acolyte on Sept 14, 2022.
             Was a High Priest of Ignis.
             Slain by a gnoll
             ... wielding a +0 halberd
             ... led by a gnoll bouda
              (7 damage)
             ... on level 4 of the Dungeon.
             The game lasted 00:03:52 (4272 turns).

Flugkiller the Ruffian (Gnoll Cinder Acolyte)       Turns: 4272, Time: 00:03:52

Health: -3/60      AC:  4    Str: 13    XL:     7   Next: 34%
Magic:  12/12      EV: 12    Int: 14    God:    Ignis [*****.]
Gold:   86         SH:  0    Dex:  9    Spells: 13/13 levels left

rFire   + . .      SeeInvis .      - Unarmed
rCold   . . .      Faith    .    (no shield)
rNeg    . . .      Spirit   .    a - +0 robe
rPois   .          Reflect  .    l - +0 helmet
rElec   .          Harm     .    (no cloak)
rCorr   .          Rampage  .    (no gloves)
Will    .....                    c - +0 pair of boots
Stlth   ++........               (no amulet)
HPRegen 0.20/turn                (no ring)
MPRegen 0.13/turn                (no ring)

@: about to teleport
A: fangs 1, strong nose, distributed training
a: Renounce Religion, Fiery Armour, Foxfire Swarm, Rising Flame


You were on level 4 of the Dungeon.
You worshipped Ignis.
Ignis was extremely pleased with you.
You visited 1 branch of the dungeon, and saw 5 of its levels.

You collected 155 gold pieces.
You spent 69 gold pieces at shops.

Inventory:

Armour
 a - a +0 robe (worn)
 b - a +0 plate armour
   (You took it off an orc warrior on level 4 of the Dungeon)
 c - a +0 pair of boots (worn)
   (You found it on level 1 of the Dungeon)
 l - a +0 helmet (worn)
   (You found it on level 2 of the Dungeon)
Scrolls
 f - 2 scrolls of vulnerability
 j - a scroll of summoning
 k - a scroll of torment {unknown}
 o - a scroll of enchant weapon
 r - a scroll of identify
 t - 2 scrolls of teleportation
Potions
 d - a potion of might
 e - a potion of curing {unknown}
 g - a potion of magic {unknown}
 h - a potion of cancellation {unknown}
 i - a potion of flight {unknown}
 n - 2 potions of degeneration {unknown}


   Skills:
 + Level 7.0 Fighting
 + Level 2.5 Short Blades
 + Level 2.5 Long Blades
 + Level 2.5 Axes
 + Level 2.5 Maces & Flails
 + Level 2.5 Polearms
 + Level 2.5 Staves
 + Level 2.5 Ranged Weapons
 + Level 2.5 Throwing
 + Level 2.5 Armour
 + Level 2.5 Dodging
 + Level 2.5 Stealth
 + Level 2.5 Shields
 + Level 7.0 Unarmed Combat
 + Level 3.8 Spellcasting
 + Level 2.0 Conjurations
 + Level 2.0 Hexes
 + Level 2.0 Summonings
 + Level 2.0 Necromancy
 + Level 2.0 Translocations
 + Level 2.0 Transmutations
 + Level 5.8 Fire Magic
 + Level 2.0 Ice Magic
 + Level 2.0 Air Magic
 + Level 2.0 Earth Magic
 + Level 2.0 Poison Magic
 + Level 2.8 Invocations
 + Level 2.5 Evocations


You had 13 spell levels left.
You didn't know any spells.
Your spell library contained the following spells:

 Spells                   Type           Power      Damage    Failure   Level
 Scorch                   Fire           38%        2d7       2%          2
 Summon Small Mammal      Summ           32%        N/A       9%          1
 Cigotuvi's Dreadful Rot  Necr/Pois/Air  16%        N/A       13%         2
 Poisonous Vapours        Pois/Air       16%        N/A       13%         2
 Call Canine Familiar     Summ           8%         N/A       26%         3
 Summon Guardian Golem    Hex/Summ       8%         N/A       26%         3


Dungeon Overview and Level Annotations

Branches:
Dungeon (5/15) Zot: 25754
 Temple: D:4-7

Altars:
Kikubaaqudgha
Makhleb
Qazlal

Shops:
D:3 *   D:4 =


Innate Abilities, Weirdness & Mutations

You have very sharp teeth.
Your uncanny sense of smell can sniff out nearby items.
Your experience applies equally to all skills.


Message History

You closely miss the hobgoblin.
The hobgoblin is almost dead.
The hobgoblin hits you.
You hit the hobgoblin.
You kill the hobgoblin!
No target in view!
No target in view!
No target in view!
No target in view!
k - a scroll labelled MIOBYLI ZIPT A goblin comes into view.
It is wielding a +0 dagger.
The goblin shouts!
A goblin is nearby!
A goblin is nearby!
You punch the goblin!
You kill the goblin!
No target in view!
No target in view!
Things that are here:
a +0 dagger; a +0 sling; a goblin corpse
There is an escape hatch in the floor here.
A ball python comes into view.
A ball python is nearby!
A ball python is nearby!
The ball python hisses angrily.
The ball python bites you. The ball python grabs you.
The ball python constricts you. The ball python bites you.
The ball python constricts you.
You hit the ball python.
The ball python is moderately wounded.
The ball python bites you. The ball python constricts you.
You barely miss the ball python.
The ball python is moderately wounded.
The ball python bites you. The ball python constricts you.
You closely miss the ball python.
The ball python is moderately wounded.
The ball python bites you but does no damage.
The ball python constricts you.
You barely miss the ball python.
The ball python is moderately wounded.
The ball python closely misses you. The ball python constricts you.
You hit the ball python.
You kill the ball python!
You see here a ball python corpse.
Done exploring.
Done exploring.
Done exploring.
(D) Dungeon
Where to? (Enter - D:4, ? - help)
There is a stone staircase leading down here.
You climb downwards.
Found a glowing grey potion and a scroll of identify.
Found a stone staircase leading down.
There is a stone staircase leading up here.
A gnoll is nearby!
Unknown command.
A gnoll is nearby!
A gnoll is nearby!
A gnoll is nearby!
A gnoll bouda and 2 gnolls come into view.
The gnoll throws a throwing net.
The throwing net hits you.
You become entangled in the net!
You see here a throwing net.
You are held in a net!
You are held in a net!
You are held in a net!
You struggle against the net.
The gnoll shouts! x2
A gnoll comes into view. It is wielding a +0 club.
You struggle against the net.
You struggle against the net.
You struggle against the net.
A white imp comes into view.
The gnoll completely misses you. The gnoll closely misses you.
You rip the net and break free!
The gnoll hits you with a +0 flail. The gnoll closely misses you.
The gnoll throws a throwing net.
The throwing net closely misses you.
There is a stone staircase leading up here.
The gnoll hits you with a +0 flail. The gnoll closely misses you.
The gnoll barely misses you.
There is a stone staircase leading up here.
The gnoll hits you with a +0 flail! The gnoll hits you with a +0 spear.
The gnoll hits you with a +0 halberd.
You climb upwards.
There is a stone staircase leading down here.
You are too injured to fight recklessly!
You are too injured to fight recklessly!
You are too injured to fight recklessly!
The gnoll hits you but does no damage.
The gnoll hits you from afar with a +0 halberd!
The gnoll hits you from afar with a +0 spear.
The gnoll closely misses you. The gnoll attacks as you move away!
The gnoll hits you with a +0 flail!
* * * LOW HITPOINT WARNING * * *
The gnoll attacks as you move away! The gnoll hits you with a +0 flail!
* * * LOW HITPOINT WARNING * * *
As you read the scroll of teleportation, it crumbles to dust.
You feel strangely unstable. The gnoll closely misses you.
The gnoll hits you from afar with a +0 halberd!
You die...

#................
#.###############
#†# #.# ##.# #..#
#.## #.# #@# #g#
#g# #####g#
##...#.##
#.......#
###.>.....#
#.<.......###
#....#......######


You could see 3 gnolls.

Vanquished Creatures
  Grinder (D:4)
  An orc warrior (D:4)
  A hound (D:4)
  An orc priest (D:2)
  An orc wizard (D:4)
  7 gnolls
  3 adders
  3 worms
  A dart slug (D:4)
  7 orcs
  9 ball pythons
  3 bats
  9 endoplasms
  2 giant cockroaches (D:1)
  10 goblins
  8 hobgoblins
  3 jackals
  2 quokkas
  4 frilled lizards
  8 kobolds
  5 rats
89 creatures vanquished.

Notes
Turn   | Place    | Note
-------+----------+-------------------------------------------
     0 | D:1      | Flugkiller the Gnoll Cinder Acolyte began the quest for the
                  | Orb.
     0 | D:1      | Reached XP level 1. HP: 23/23 MP: 4/4
   419 | D:1      | Reached XP level 2. HP: 29/29 MP: 5/5
  1069 | D:2      | Found a faded altar of an unknown god.
  1245 | D:2      | Reached XP level 3. HP: 35/35 MP: 7/7
  1267 | D:1      | Reached skill level 1 in Invocations
  1382 | D:1      | Reached skill level 1 in Short Blades
  1382 | D:1      | Reached skill level 1 in Long Blades
  1382 | D:1      | Reached skill level 1 in Axes
  1382 | D:1      | Reached skill level 1 in Maces & Flails
  1382 | D:1      | Reached skill level 1 in Polearms
  1382 | D:1      | Reached skill level 1 in Staves
  1382 | D:1      | Reached skill level 1 in Ranged Weapons
  1382 | D:1      | Reached skill level 1 in Throwing
  1382 | D:1      | Reached skill level 1 in Armour
  1382 | D:1      | Reached skill level 1 in Dodging
  1382 | D:1      | Reached skill level 1 in Stealth
  1382 | D:1      | Reached skill level 1 in Shields
  1382 | D:1      | Reached skill level 1 in Evocations
  1506 | D:2      | Reached XP level 4. HP: 33/41 MP: 8/8
  1775 | D:2      | Reached skill level 1 in Conjurations
  1775 | D:2      | Reached skill level 1 in Hexes
  1775 | D:2      | Reached skill level 1 in Summonings
  1775 | D:2      | Reached skill level 1 in Necromancy
  1775 | D:2      | Reached skill level 1 in Translocations
  1775 | D:2      | Reached skill level 1 in Transmutations
  1775 | D:2      | Reached skill level 1 in Ice Magic
  1775 | D:2      | Reached skill level 1 in Air Magic
  1775 | D:2      | Reached skill level 1 in Earth Magic
  1775 | D:2      | Reached skill level 1 in Poison Magic
  2237 | D:3      | Found Parphulo's Assorted Antiques.
  2320 | D:3      | Bought a scroll labelled ZEUPPA YSOYTH for 25 gold pieces
  2320 | D:3      | Bought a purple potion for 22 gold pieces
  2320 | D:3      | Bought a purple potion for 22 gold pieces
  2368 | D:2      | Reached XP level 5. HP: 34/47 MP: 9/9
  2822 | D:4      | Found Epewk's Jewellery Shop.
  2841 | D:4      | Found a stormy altar of Qazlal.
  2841 | D:4      | Found a burning altar of Makhleb.
  3594 | D:4      | Noticed Grinder
  3594 | D:4      | Noticed an orc warrior
  3603 | D:4      | Paralysed by Grinder for 3 turns
  3616 | D:4      | Killed Grinder
  3617 | D:4      | Reached XP level 6. HP: 28/53 MP: 9/11
  3622 | D:4      | Killed an orc warrior
  3623 | D:4      | Reached XP level 7. HP: 53/60 MP: 9/12
  4024 | D:4      | Found an ancient bone altar of Kikubaaqudgha.
  4252 | D:5      | Entered Level 5 of the Dungeon
  4272 | D:4      | Slain by a gnoll

Illustrated notes

Levels and vault maps discovered:
D:1:      lightli_arrival_lavapool, layout_basic, grunt_decor_fettered,
          nicolae_eternal_life
D:2:      layout_rooms, shapermc_ecumenical_altar_venn,
          minmay_misc_feat_nine_boxes, kennysheep_doodads
D:3:      layout_rooms, serial_shops, shop, minmay_misc_feat_doors
D:4:      layout_basic, marbit_many_paths,
          chequers_temple_overflow_statue_of_worship, serial_shops, shop,
          minmay_misc_feat_x, nrook_uturn, uniq_grinder
D:5:      layout_cave_pools, minmay_temple_entry_junction,
          uniq_crazy_yiuf_cottage, uniq_edmund

Skill      XL: |  1  2  3  4  5  6 |
---------------+-------------------+-----
Invocations    | 1 2 |  2.8
Short Blades   | 1 2 |  2.5
Long Blades    | 1 2 |  2.5
Axes           | 1 2 |  2.5
Maces & Flails | 1 2 |  2.5
Polearms       | 1 2 |  2.5
Staves         | 1 2 |  2.5
Ranged Weapons | 1 2 |  2.5
Throwing       | 1 2 |  2.5
Armour         | 1 2 |  2.5
Dodging        | 1 2 |  2.5
Stealth        | 1 2 |  2.5
Shields        | 1 2 |  2.5
Evocations     | 1 2 |  2.5
Spellcasting   | 3 |  3.8
Conjurations   | 1 2 |  2.0
Hexes          | 1 2 |  2.0
Summonings     | 1 2 |  2.0
Necromancy     | 1 2 |  2.0
Translocations | 1 2 |  2.0
Transmutations | 1 2 |  2.0
Ice Magic      | 1 2 |  2.0
Air Magic      | 1 2 |  2.0
Earth Magic    | 1 2 |  2.0
Poison Magic   | 1 2 |  2.0
Fighting       | 7 |  7.0
Unarmed Combat | 7 |  7.0
Fire Magic     | |  5.8

Action                   |  1- 3 |  4- 6 |  7- 9 || total
-------------------------+-------+-------+-------++-------
Melee: Unarmed           |    74 |   158 |    47 ||   279
       Bite              |     6 |    13 |     2 ||    21
       Punch             |     4 |     3 |     3 ||    10
  Use: Scroll            |       |     5 |     1 ||     6
       Potion            |       |     4 |       ||     4
 Stab: Sleeping          |     1 |     1 |     3 ||     5
Armor: Robe              |    17 |    59 |     5 ||    81
Dodge: Dodged            |    36 |   102 |    23 ||   161

Table legend: (Time is in decaauts)
 A = Elapsed time spent in this place.
 B = Non-inter-level travel time spent in this place.
 C = Inter-level travel time spent in this place.
 D = Time resting spent in this place.
 E = Time spent auto-exploring this place.
 F = Levels seen in this place.
 G = Mean time per level.
                   A        B        C        D        E       F      G
               +--------+--------+--------+--------+--------+-----+--------+
         Total |   4244 |   4131 |    113 |   1313 |   1977 |   5 |  848.8 |
       Dungeon |   4244 |   4131 |    113 |   1313 |   1977 |   5 |  848.8 |
               +--------+--------+--------+--------+--------+-----+--------+

Top non-repeatable levels by time:
     D:1: 1266 daAuts
     D:4: 1237 daAuts
     D:2: 1029 daAuts
     D:3: 700 daAuts
     D:5: 10 daAuts
